Map: Arctic Dream LE

Players

Massa

  • Race: Terran Terran
  • League: Platinum
  • Spawn Location: 11:00

qqq

  • Race: Zerg Zerg
  • Spawn Location: 12:00

AgentSmith - Winner!

  • Race: Zerg Zerg
  • League: Diamond
  • Spawn Location: 5:00

InShock - Winner!

  • Race: Terran Terran
  • League: Diamond
  • Spawn Location: 6:00

VOD

Have the link to the VOD?

Description

Time

  • Played on: Feb. 14, 2021, 3:43 p.m.
  • Length: 11:35
Show
View Real Time Build Order
Export as new Build Order

Massa Terran 

Build Orders: 2 Factory 

Get SALT Encoding   

  12  0:00  SCV  
  13  0:12  SCV  
  14  0:18  Supply Depot  
  14  0:24  SCV  
  15  0:39  SCV  
  15  0:41  Barracks  
  16  0:51  Refinery, SCV  
  17  1:05  SCV  
  17  1:07  Refinery  
  18  1:17  SCV  
  19  1:31  Orbital Command  
  19  1:38  Marine  
  20  1:46  Factory  
  20  1:57  SCV  
  21  2:11  Command Center  
  21  2:16  SCV  
  21  2:19  Marine  
  23  2:33  Factory  
  23  2:39  Supply Depot  
  23  2:53  Barracks Reactor, Factory Tech Lab  
  23  3:01  SCV  
  23  3:12  Hellion  
  25  3:13  Infernal Pre-Igniter  
  25  3:14  SCV  
  26  3:26  SCV  
  27  3:33  Hellion  
  29  3:40  Hellion x2  
  32  3:52  Marine  
  32  3:54  Hellion  
  35  3:56  SCV, Engineering Bay  
  35  3:58  Orbital Command  
  35  4:01  Hellion  
  35  4:02  Hellion  
  40  4:16  Hellion  
  42  4:19  SCV  
  42  4:23  Hellion  
  45  4:26  Supply Depot  
  45  4:31  SCV  
  46  4:41  Hellion  
  46  4:44  Missile Turret  
  46  4:50  Missile Turret  
  46  4:51  Marine  
  47  4:54  Widow Mine  
  47  4:55  Widow Mine  
  51  5:03  Widow Mine  
  47  5:09  Marine  
  38  5:16  Widow Mine  
  38  5:17  Siege Tank  
  43  5:22  Barracks  
  43  5:23  Barracks, Terran Infantry Weapons Level 1  
  43  5:24  Widow Mine  
  43  5:25  Barracks  
  43  5:27  Marine  
  46  5:32  Missile Turret  
  46  5:34  SCV x2  
  48  5:45  Barracks Tech Lab  
  48  5:46  SCV x2  
  42  6:14  Marauder  
  42  6:17  Barracks Reactor, Barracks Tech Lab  
  42  6:18  Barracks Reactor  
  33  6:35  Marine  
  26  6:48  Siege Tank  
  26  6:54  Marauder  
  27  7:13  SCV  
  27  7:14  SCV  
  28  7:26  SCV  
  27  7:36  Marine x5  
  31  7:38  SCV x2  
  33  7:50  SCV x2, Stimpack  
  35  7:53  Marine  
  35  7:54  Barracks Tech Lab  
  35  7:55  Barracks Reactor  
  35  8:02  SCV x2  
  37  8:06  Factory  
  37  8:10  Supply Depot  
  37  8:14  SCV  
  37  8:15  Marauder x2, Marine x2, Supply Depot  
  44  8:31  Marine  
  44  8:32  Marine  
  44  8:33  Marine x2  
  48  8:36  Marine x2  
  50  8:45  SCV x2  
  50  8:46  Command Center  
  50  8:48  Terran Infantry Armor Level 1  
  52  8:49  Marine x2  
  52  8:51  Marine x2  
  52  8:54  Marine x2  
  58  8:57  SCV x2  
  60  9:09  SCV  
  61  9:10  Factory Tech Lab  
  61  9:16  Starport  
  61  9:29  Starport  
  61  9:36  Refinery, SCV  
  61  9:37  Refinery  
  62  9:42  Supply Depot  
  62  9:46  Supply Depot  
  62  9:56  Starport Tech Lab  
  62  9:58  SCV x2, Siege Tank  
  67  10:00  Orbital Command  
  67  10:01  Refinery  
  67  10:10  SCV x2  
  69  10:18  Supply Depot  
  69  10:20  Starport Reactor  
  69  10:22  SCV x2, Viking  
  73  10:40  SCV x2  
  73  10:41  SCV  
  76  10:49  Siege Tank  
  79  10:52  SCV, Concussive Shells  
  79  10:53  SCV x2  
  82  11:02  Marauder x2, Marine x4  
  90  11:04  SCV  
  90  11:05  SCV  
Show
View Real Time Build Order
Export as new Build Order

qqq Zerg 

Build Orders: Hatch First 

Get SALT Encoding   

  12  0:00  Drone  
  13  0:11  Drone  
  14  0:18  Overlord  
  14  0:44  Hatchery  
  14  0:49  Drone  
  14  0:54  Drone  
  15  0:59  Drone  
  16  1:12  Drone, Extractor  
  16  1:21  Spawning Pool  
  16  1:25  Drone  
  16  1:27  Drone  
  17  1:38  Drone  
  18  1:46  Drone  
  20  1:54  Drone  
  19  2:16  Queen  
  19  2:17  Queen  
  19  2:19  Metabolic Boost  
  19  2:22  Drone x2  
  25  2:23  Drone  
  26  2:30  Overlord  
  26  2:43  Overlord  
  26  2:44  Zergling x4  
  26  2:49  Drone x2  
  30  2:56  Drone  
  30  2:58  Zergling x2  
  32  3:10  Zergling x2  
  33  3:13  Drone  
  33  3:14  Lair  
  33  3:17  Overlord  
  33  3:18  Zergling x2  
  35  3:29  Zergling x6  
  35  3:31  Drone x3  
  41  3:54  Zergling x4  
  43  3:55  Drone  
  43  3:56  Drone, Hatchery  
  43  4:03  Zergling x4, Overlord  
  43  4:04  Drone  
  46  4:14  Infestation Pit  
  46  4:16  Drone  
  46  4:20  Zergling x4  
  46  4:21  Drone x2  
  50  4:25  Extractor  
  50  4:26  Extractor  
  50  4:28  Extractor, Drone  
  48  4:33  Drone  
  48  4:38  Drone  
  50  4:44  Spore Crawler  
  49  4:46  Spore Crawler, Overseer  
  48  4:54  Drone x3  
  48  4:55  Drone x4  
  54  5:04  Zergling x2  
  54  5:06  Zergling x2  
  47  5:13  Infestor x2  
  48  5:17  Drone x2  
  48  5:18  Drone x3  
  53  5:28  Drone x2  
  55  5:33  Drone, Spire  
  55  5:38  Spore Crawler  
  55  5:42  Zergling x6  
  55  5:48  Spore Crawler  
  55  5:49  Drone  
  55  5:50  Infestor  
  57  6:04  Zergling x8  
  57  6:06  Drone x2  
  61  6:19  Drone  
  61  6:37  Drone x2  
  61  6:38  Zergling x2  
  61  6:39  Zergling x4  
  66  6:40  Overlord x5  
  61  6:54  Zergling x4  
  61  6:55  Zergling x2  
  61  6:56  Zergling x2  
  61  7:00  Queen  
  66  7:01  Mutalisk  
  66  7:02  Mutalisk x3  
  73  7:14  Drone  
  73  7:15  Zergling x4  
  74  7:20  Mutalisk, Zergling x2  
  74  7:29  Mutalisk x3  
  74  7:30  Mutalisk x2  
  74  7:31  Infestor  
  86  7:41  Mutalisk  
  86  7:43  Drone  
  89  7:47  Extractor  
  89  7:48  Extractor  
  89  7:50  Spine Crawler  
  89  7:51  Spine Crawler  
  85  7:54  Drone  
  85  7:55  Infestor  
  88  8:12  Hatchery  
  79  8:22  Mutalisk x3  
  79  8:23  Zergling x6  
  88  8:36  Hive  
  88  8:37  Drone x3  
  88  8:38  Drone x3  
  94  8:43  Zergling x4  
  96  8:52  Drone  
  97  9:03  Drone  
  97  9:04  Hatchery, Infestor x2  
  101  9:20  Pneumatized Carapace  
  101  9:23  Drone x2  
  92  9:50  Mutalisk x2, Infestor  
  92  9:51  Corruptor x2  
  92  9:52  Mutalisk  
  100  9:53  Drone x2  
  100  9:54  Drone x3  
  100  9:59  Pathogen Glands  
  105  10:08  Overlord x2  
  105  10:09  Overlord x3  
  105  10:10  Overlord  
  105  10:20  Drone x2  
  107  10:26  Spine Crawler  
  107  10:28  Drone x6, Spine Crawler x2  
  110  10:36  Mutalisk  
  110  10:37  Zergling x2  
  110  10:38  Zergling x8  
  117  10:57  Spire  
  81  11:17  Drone x2  
  81  11:18  Drone x4  
Show
View Real Time Build Order
Export as new Build Order

AgentSmith Zerg - Winner!

Build Orders: Hatch First 

Get SALT Encoding   

  12  0:00  Drone  
  13  0:13  Overlord  
  13  0:16  Drone  
  14  0:32  Drone x2  
  16  0:40  Drone  
  17  0:52  Hatchery  
  17  0:56  Drone  
  17  0:58  Drone  
  18  1:11  Extractor  
  18  1:15  Spawning Pool  
  18  1:18  Drone  
  17  1:19  Drone  
  18  1:29  Drone  
  19  1:40  Overlord  
  19  1:50  Drone  
  20  2:02  Queen  
  20  2:03  Zergling x2  
  20  2:04  Queen  
  20  2:05  Zergling x2  
  26  2:12  Drone  
  26  2:13  Metabolic Boost  
  27  2:19  Drone  
  28  2:31  Drone x2  
  28  2:35  Drone  
  31  2:50  Drone x3  
  34  2:52  Hatchery  
  34  2:57  Overlord  
  33  3:10  Drone x3  
  36  3:17  Drone x4  
  40  3:23  Roach Warren  
  39  3:38  Queen  
  39  3:40  Lair  
  41  3:42  Extractor, Drone  
  41  3:43  Drone x3  
  41  3:44  Extractor  
  42  3:54  Overlord x3  
  42  4:02  Extractor  
  41  4:05  Evolution Chamber, Roach x2  
  44  4:13  Drone  
  44  4:14  Drone x6, Queen  
  53  4:31  Zerg Missile Weapons Level 1  
  53  4:33  Roach x4  
  61  4:41  Drone x5  
  66  4:50  Roach x2  
  70  4:58  Roach x4  
  70  5:04  Roach x2  
  70  5:05  Overlord x2  
  71  5:09  Spine Crawler  
  64  5:16  Ravager x4  
  64  5:19  Ravager x2  
  64  5:20  Ravager x2  
  68  5:25  Glial Reconstitution  
  68  5:32  Zergling x8  
  68  5:33  Zergling x12  
  78  5:49  Roach x3  
  81  6:41  Roach x4  
  81  6:42  Overlord  
  78  7:11  Roach x9  
  76  7:35  Roach x8  
  92  7:43  Zerg Missile Weapons Level 2  
  92  7:46  Drone x6  
  92  7:49  Spore Crawler x2  
  92  7:50  Spore Crawler  
  95  7:52  Spore Crawler x3  
  92  7:59  Hydralisk Den  
  91  8:13  Spore Crawler  
  91  8:14  Spore Crawler  
  89  8:23  Spore Crawler  
  89  8:25  Hydralisk Den  
  88  8:34  Drone x10  
  88  8:36  Overlord x3  
  98  8:56  Extractor  
  98  8:58  Extractor  
  98  8:59  Hydralisk x9  
  98  9:02  Grooved Spines  
  114  9:09  Extractor, Hatchery, Queen  
  114  9:18  Hydralisk x4  
  122  9:29  Hydralisk  
  113  9:41  Hydralisk  
  113  9:44  Overlord x3  
  111  10:00  Hatchery  
  110  10:09  Hydralisk x13  
  110  10:10  Hydralisk  
  110  10:12  Overlord x3  
  138  10:20  Infestation Pit  
  137  10:45  Hydralisk x12  
  137  10:48  Spore Crawler  
  160  10:58  Hydralisk  
Show
View Real Time Build Order
Export as new Build Order

InShock Terran - Winner!

Build Orders: Gas First Reaper Expand, Hellion Banshee, Mech 

Get SALT Encoding   

  12  0:00  SCV  
  13  0:12  SCV  
  14  0:17  Supply Depot  
  14  0:24  SCV  
  15  0:29  Refinery  
  15  0:38  SCV  
  16  0:44  Barracks  
  16  0:50  SCV  
  17  1:02  SCV  
  18  1:15  SCV  
  19  1:31  Orbital Command  
  19  1:32  Reaper  
  20  1:49  Command Center  
  20  1:57  SCV, Factory  
  21  2:08  Barracks Reactor  
  21  2:10  SCV  
  22  2:16  Refinery  
  22  2:19  Supply Depot  
  22  2:23  SCV  
  23  2:40  SCV  
  24  2:45  Starport  
  24  2:52  SCV  
  24  2:54  Barracks Tech Lab  
  25  3:05  Hellion x2  
  29  3:06  SCV  
  30  3:26  SCV  
  31  3:29  Banshee  
  31  3:30  Cloaking Field  
  31  3:31  Hellion x2  
  38  3:36  Orbital Command  
  38  3:40  SCV  
  39  3:43  Supply Depot  
  39  3:52  SCV, Hellion x2  
  44  3:57  Refinery  
  44  4:09  SCV x2  
  45  4:12  Banshee  
  45  4:13  Supply Depot  
  48  4:22  SCV x2  
  50  4:34  SCV  
  50  4:35  SCV  
  52  4:41  Hellion  
  52  4:44  Hellion, Factory  
  56  4:48  Command Center  
  44  5:16  Hellion x2  
  44  5:19  SCV x2  
  50  5:30  Factory  
  50  5:35  Infernal Pre-Igniter, Siege Tank  
  53  5:37  Hellion x2  
  57  5:58  Hellion  
  57  5:59  Hellion  
  57  6:03  SCV  
  57  6:04  SCV, Orbital Command  
  61  6:07  Siege Tank  
  62  6:21  SCV x2  
  62  6:24  Refinery  
  64  6:27  Hellion x2  
  64  6:28  Factory Reactor  
  68  6:33  Factory  
  68  6:34  Factory  
  68  6:35  SCV x3  
  68  6:36  Armory  
  68  6:39  Armory  
  71  6:40  Siege Tank  
  71  6:41  Refinery  
  74  6:47  SCV x3  
  77  6:58  Refinery  
  77  7:03  Supply Depot x3  
  77  7:25  SCV x2, Hellion x2, Siege Tank  
  88  7:38  Factory Tech Lab, Factory Reactor  
  88  7:40  SCV x3  
  88  7:44  Widow Mine x2  
  87  7:49  Terran Vehicle Weapons Level 1  
  87  7:50  Engineering Bay, Terran Vehicle And Ship Armor Level 1  
  87  7:52  SCV x2  
  87  7:53  SCV  
  87  7:54  Supply Depot x2  
  87  7:55  Starport Reactor  
  87  7:56  Thor  
  87  7:57  Widow Mine x2  
  100  8:04  SCV  
  101  8:17  Widow Mine  
  101  8:18  Widow Mine x3  
  94  8:21  Missile Turret  
  94  8:22  Missile Turret  
  94  8:24  Missile Turret  
  94  8:27  Hellion x2  
  94  8:29  SCV x3  
  99  8:34  Viking x2  
  99  8:38  Thor  
  99  8:41  SCV x3  
  109  8:48  Missile Turret  
  109  8:50  Missile Turret  
  109  8:51  Missile Turret  
  109  8:52  Missile Turret  
  109  8:53  SCV x2  
  111  9:00  Missile Turret  
  111  9:01  Missile Turret  
  111  9:06  Missile Turret  
  111  9:08  Thor  
  117  9:17  Supply Depot  
  117  9:19  Supply Depot  
  117  9:22  Supply Depot  
  117  9:39  Widow Mine x2, Siege Tank  
  117  9:41  Hellion x4  
  132  9:51  Siege Tank  
  135  10:00  Hellion x2, Supply Depot  
  135  10:01  Supply Depot  
  135  10:02  Hellion  
  141  10:22  Viking x2  
  141  10:23  Command Center  
  145  10:34  Missile Turret  
  145  10:37  Missile Turret  
  145  10:39  Refinery  
  145  10:49  Siege Tank  
  150  10:50  Hellbat x3, Siege Tank  
  157  11:05  Refinery  
  157  11:09  Hellbat  
Tags
 
Add a new tag
Caveats
  • Supply blocks, unpowered buildings, or Contaminate may cause inaccurate times.
  • Supply counts are checked every 10 seconds.